 Dungeon Crawl Stone Soup version 0.29-a0-512-gf59ac788ac (webtiles) character file.

Game seed: 7709166649304310087

2573 croobank the Nimble (level 9, -1/66 HPs)
             Began as an Octopode Berserker on May 29, 2022.
             Was a Priest of Trog.
             Slain by a very large slime creature (43 damage)
             ... on level 6 of the Dungeon.
             The game lasted 00:18:08 (6745 turns).

croobank the Nimble (Octopode Berserker)            Turns: 6745, Time: 00:18:08

Health: -1/66      AC:  1    Str: 18    XL:     9   Next: 57%
Magic:  9/9        EV: 16    Int: 14    God:    Trog [***...]
Gold:   328        SH:  0    Dex: 13    Spells: 8/8 levels left

rFire   . . .      SeeInvis +   a - +2 hand axe (freeze)
rCold   . . .      Faith    .   (no shield)
rNeg    . . .      Spirit   .   (helmet restricted)
rPois   .          Reflect  .   (no amulet)
rElec   .          Harm     .   w - ring of willpower
rCorr   .          Rampage  .   q - ring of Xom's Flight of Fancy {Int+4 SInv}
Will    +....                   (no ring)
Stlth   ++........              (no ring)
HPRegen 0.21/turn               (no ring)
MPRegen 0.11/turn               (no ring)
                                (no ring)
                                (no ring)

@: no status effects
A: almost no armour, amphibious, 8 rings, camouflage 1, gelatinous body 1,
(nimble swimmer 1), tentacles
a: Renounce Religion, Berserk, Trog's Hand


You were on level 6 of the Dungeon.
You worshipped Trog.
Trog was most pleased with you.
You visited 1 branch of the dungeon, and saw 6 of its levels.

You collected 328 gold pieces.

Inventory:

Hand Weapons
 a - a +2 hand axe of freezing (weapon)
 b - a +2 hand crossbow of flaming
 f - a +0 dagger of flaming
 k - a +1 dagger of venom
 l - a +0 halberd of flaming
 m - a +0 vampiric whip
 z - a +2 short sword of venom
Missiles
 u - 62 stones (quivered)
 y - 14 poisoned darts
 A - 4 curare-tipped darts
Jewellery
 q - the ring of Xom's Flight of Fancy (right tentacle) {Int+4 SInv}
   (You found it on level 4 of the Dungeon)

   [ring of see invisible]

   Int:       It affects your intelligence (+4).
   SInv:      It lets you see invisible.
 w - a ring of willpower (left tentacle)
Wands
 e - a wand of polymorph (13)
 g - a wand of charming (8)
 s - a wand of digging (3)
 t - a wand of paralysis (13)
Scrolls
 i - a scroll of poison
 o - a scroll of immolation
Potions
 c - 2 potions of curing
 d - 2 potions of flight
 h - 2 potions of heal wounds
 j - 2 potions of resistance
 n - a potion of magic {unknown}
 p - a potion of ambrosia
 r - 3 potions of lignification
 v - a potion of attraction {unknown}
 x - a potion of invisibility


   Skills:
 + Level 7.9 Fighting
 + Level 7.9 Axes
 + Level 8.0 Dodging


You had 8 spell levels left.
You didn't know any spells.
Your spell library was empty.

Dungeon Overview and Level Annotations

Branches:
Dungeon (6/15)
 Temple: D:4-7

Altars:
Dithmenos
Qazlal
Yredelemnul

Shops:
D:3 [

Annotations:
D:3 Ijyb


Innate Abilities, Weirdness & Mutations

You cannot wear most types of armour.
You are amphibious.
You can wear up to eight rings at the same time.
Your skin changes colour to match your surroundings (Stealth+).
Your rubbery body absorbs attacks. (AC +1, EV +1)
((You are camouflaged when in or above water. (Stealth+)))
You have tentacles for arms and can constrict up to eight enemies at once.


Message History

You slash the endoplasm! You freeze the endoplasm.
You kill the endoplasm!
Trog accepts your kill.
The slime creature quivers.
You slash the slime creature! You freeze the slime creature.
The slime creature is moderately wounded.
You completely miss the slime creature.
The jelly quivers.
The slime creature quivers.
The slime creature hits you!
The slime creature hits you but does no damage.
You slash the jelly! You freeze the jelly.
Your tentacles burn!
You squeeze the jelly.
The jelly is severely wounded.
You hit the slime creature but do no damage.
You hit the slime creature. You freeze the slime creature.
The jelly hits the fungus.
The fungus begins to die.
The fungus is splashed with acid!
The acid corrodes the fungus!
The jelly barely misses you. The slime creature misses you.
The slime creature closely misses you.
Two slime creatures merge to form a large slime creature.
You slash the jelly! You freeze the jelly.
You kill the jelly!
Trog accepts your kill.
You hit the slime creature. You freeze the slime creature.
You hit the large slime creature. You freeze the large slime creature.
The jelly hits the fungus.
The fungus is splashed with acid!
The fungus seems to be corroded for longer.
The slime creature hits you!
Something completely misses the fungus.
You hit the slime creature. You freeze the slime creature.
The slime creature is lightly wounded.
Two slime creatures merge to form a very large slime creature.
The very large slime creature attacks as you move away!
The very large slime creature closely misses you.
You see here a +0 short sword.
There is an open door here.
The very large slime creature attacks as you move away!
The very large slime creature hits you!!!
Ouch! That really hurt!
You die...

##.####..##
JPJ..P.P.##......###
##..# #....#
.........####....###
....###..###
J.÷......##.#..#.##.
...##....###
...P...P.##....#####
......##...#
JP÷....J÷####...###.
...........# #######'#
###......
...........###..J...##
##........
....#......##J########
#.........
###........###.J@....#
#...#.....
#.#..##...## ####....#
###.#..... #'#....####
#.......# #.#....##.
[...#### #.......#
#......### 8...#[#
#.....).###......###
.⌠..'###
#.......##.......##.
.......#
##.....###.......###
.⌠..'###
##.))#####.......##
8...#[#
##'))###.........##


You could see a very large slime creature and a jelly.

Vanquished Creatures
  A troll (D:6)
  A water moccasin (D:6)
  2 ice beasts (D:6)
  A centaur (D:6)
  A phantom (D:5)
  4 kobold brigands (D:6)
  4 necrophages
  2 scorpions (D:6)
  A wight (D:6)
  3 bullfrog zombies (D:6)
  2 centaur zombies (D:6)
  3 orc priests
  A gnoll shaman (D:4)
  A hound (D:5)
  A human zombie (D:6)
  2 jellies (D:6)
  Jessica (D:3)
  2 iguanas
  4 orc wizards (D:6)
  A killer bee zombie (D:6)
  2 mummies (D:6)
  5 gnolls
  3 adders
  3 ufetubi (D:6)
  A worm (D:2)
  3 dart slugs (D:1)
  12 orcs
  7 endoplasms
  6 giant cockroaches
  10 goblins
  5 hobgoblins
  8 jackals
  5 quokkas
  4 ball pythons
  7 bats
  2 frilled lizards
  9 kobolds
  4 rats
134 creatures vanquished.

Vanquished Creatures (collateral kills)
  A kobold demonologist (D:6)
  2 kobold brigands (D:6)
3 creatures vanquished.

Vanquished Creatures (others)
  A fungus (D:6)
  4 plants (D:3)
  9 toadstools (D:6)
14 creatures vanquished.

Grand Total: 151 creatures vanquished

Notes
Turn   | Place    | Note
-------+----------+-------------------------------------------
     0 | D:1      | croobank the Octopode Berserker began the quest for the
                  | Orb.
     0 | D:1      | Reached XP level 1. HP: 16/16 MP: 1/1
   116 | D:1      | Reached XP level 2. HP: 14/21 MP: 2/2
   507 | D:1      | Reached XP level 3. HP: 26/26 MP: 3/3
   597 | D:1      | Reached ** piety under Trog
  1441 | D:2      | Reached XP level 4. HP: 29/33 MP: 4/4
  1680 | D:2      | Found a faded altar of an unknown god.
  2120 | D:3      | Noticed Jessica
  2123 | D:3      | Found Geddokh's Antique Armour Shoppe.
  2220 | D:3      | Killed Jessica
  2221 | D:3      | Reached skill level 4 in Dodging
  2294 | D:3      | Noticed Ijyb
  2314 | D:4      | Reached XP level 5. HP: 37/37 MP: 5/5
  2505 | D:3      | Reached *** piety under Trog
  2706 | D:4      | Reached XP level 6. HP: 31/44 MP: 6/6
  2848 | D:4      | Identified the ring of Xom's Flight of Fancy {Int+4 SInv}
  3090 | D:5      | Entered Level 5 of the Dungeon
  3948 | D:5      | Found a stormy altar of Qazlal.
  3953 | D:5      | Reached skill level 5 in Axes
  3953 | D:5      | Reached skill level 5 in Dodging
  4028 | D:5      | Reached skill level 5 in Fighting
  4028 | D:5      | Reached XP level 7. HP: 45/50 MP: 7/7
  4903 | D:6      | Found a shadowy altar of Dithmenos.
  5015 | D:6      | Reached skill level 6 in Dodging
  5015 | D:6      | Reached XP level 8. HP: 43/57 MP: 8/8
  5667 | D:6      | Found a basalt altar of Yredelemnul.
  5842 | D:6      | Reached **** piety under Trog
  5910 | D:6      | Reached skill level 7 in Dodging
  5994 | D:6      | Noticed a kobold demonologist
  5997 | D:6      | Noticed a ynoxinul
  6003 | D:6      | Killed a kobold demonologist
  6004 | D:6      | Reached XP level 9. HP: 53/64 MP: 9/9
  6398 | D:6      | Noticed a troll
  6407 | D:6      | Killed a troll
  6426 | D:6      | Found the +18 Lear's hauberk
  6466 | D:6      | Reached skill level 8 in Dodging
  6745 | D:6      | Slain by a very large slime creature

Illustrated notes

Levels and vault maps discovered:
D:1:      saegor_arrival_simple_b, layout_loops_corners
D:2:      layout_rooms, shapermc_ecumenical_altar_flowoftime,
          chequers_serial_rivers_room_b, grunt_ministairs_3
D:3:      layout_basic, serial_shops, nicolae_shop_overgrown_old_shop,
          ebering_ghost_reflecting_pool, uniq_terence, uniq_jessica, uniq_ijyb
D:4:      layout_cave_pools
D:5:      layout_layer_cave, old_standard_altar
D:6:      cheibrodos_fertilizer, layout_cave_pools, mainiacjoe_overflow_catwalk,
          lemuel_mausoleum_altar_yredelemnul, hellmonk_guarded_unrand_lears

Skill      XL: |  1  2  3  4  5  6  7  8  9 |
---------------+----------------------------+-----
Dodging        | 4 5 6 7 8 |  8.0
Axes           | 4 5 7 |  7.9
Fighting       | 4 5 7 |  7.9

Action                   |  1- 3 |  4- 6 |  7- 9 || total
-------------------------+-------+-------+-------++-------
Melee: Hand axe          |    64 |    91 |   132 ||   287
       Constrict         |    15 |    24 |    29 ||    68
       Tentacles         |    12 |    24 |    40 ||    76
       Unarmed           |       |     6 |       ||     6
       Punch             |       |     1 |     1 ||     2
Throw: Throwing net      |       |       |     1 ||     1
Invok: Trog's Hand       |       |     2 |     3 ||     5
       Berserk           |       |     3 |     3 ||     6
       Brothers in Arms  |       |       |     1 ||     1
Evoke: Wand              |       |     1 |     2 ||     3
  Use: Scroll            |       |    16 |     5 ||    21
       Potion            |       |     1 |       ||     1
 Stab: Sleeping          |     9 |     3 |     4 ||    16
       Paralysed         |       |       |     5 ||     5
Armor: Skin              |     5 |     3 |     6 ||    14
Dodge: Dodged            |    39 |    64 |    87 ||   190

Table legend: (Time is in decaauts)
 A = Elapsed time spent in this place.
 B = Non-inter-level travel time spent in this place.
 C = Inter-level travel time spent in this place.
 D = Time resting spent in this place.
 E = Time spent auto-exploring this place.
 F = Levels seen in this place.
 G = Mean time per level.
                   A        B        C        D        E       F      G
               +--------+--------+--------+--------+--------+-----+--------+
         Total |   6811 |   6676 |    135 |    757 |   4782 |   6 | 1135.2 |
       Dungeon |   6811 |   6676 |    135 |    757 |   4782 |   6 | 1135.2 |
               +--------+--------+--------+--------+--------+-----+--------+

Top non-repeatable levels by time:
     D:6: 2080 daAuts
     D:5: 1606 daAuts
     D:1: 1229 daAuts
     D:2: 678 daAuts
     D:4: 639 daAuts
     D:3: 577 daAuts
